 Dungeon Crawl Stone Soup version 0.30-a0-953-g5f1da4a474 (webtiles) character file.

Game seed: 13100589648266531879

847 cforsyth the Cudgeller (level 8, 0/97 HPs)
             Began as a Formicid Fighter on Mar 29, 2023.
             Killed by divine providence
             ... invoked by an orc priest
              (12 damage)
             ... on level 5 of the Dungeon.
             The game lasted 00:05:59 (5389 turns).

cforsyth the Cudgeller (Formicid Fighter)           Turns: 5389, Time: 00:06:00

Health: 0/97       AC: 24    Str: 23    XL:     8   Next: 20%
Magic:  8/8        EV:  2    Int:  8    God:
Gold:   347        SH:  5    Dex: 13    Spells: 7/7 levels left

rFire   . . .      SeeInvis .    a - +0 flail
rCold   . . .      Faith    .    c - +0 buckler
rNeg    . . .      Spirit   .    b - melded +0 scale mail
rPois   +          Reflect  .    (helmet unavailable)
rElec   .          Rampage  .    (cloak currently unavailable)
rCorr   .                        o - melded +0 pair of gloves
Will    +....                    (boots currently unavailable)
Stlth   +                        (no amulet)
HPRegen 0.36/turn                (no ring)
MPRegen 0.11/turn                (no ring)

@: tree-form
A: stationary, stasis, torment immunity, boosted hp, permanent stasis, dig
shafts and tunnels, (antennae 3), four strong arms, strong-willed 1, MP-powered
wands
a: no special abilities


You were on level 5 of the Dungeon.
You were a tree.
You visited 1 branch of the dungeon, and saw 5 of its levels.

You collected 347 gold pieces.

Inventory:

Hand Weapons
 a - a +0 flail (weapon)
Armour
 b - a +0 scale mail (melded)
 c - a +0 buckler (worn)
 o - a +0 pair of gloves (melded)
Jewellery
 m - a ring of wizardry
 t - a ring of fire
 u - a ring of magical power
Scrolls
 d - a scroll of enchant weapon {unknown}
 e - 3 scrolls of teleportation {unknown}
 i - a scroll of acquirement {unknown}
 j - 5 scrolls of identify {unknown}
 k - 2 scrolls of fog {unknown}
 p - 3 scrolls of immolation {unknown}
 q - 2 scrolls of magic mapping {unknown}
 r - a scroll of summoning {unknown}
 s - 2 scrolls of amnesia {unknown}
Potions
 f - a potion of flight {unknown}
 g - 2 potions of mutation
 h - a potion of lignification
 l - 2 potions of berserk rage
 n - a potion of degeneration {unknown}


   Skills:
 + Level 6.3 Fighting
 * Level 7.4 Maces & Flails
 - Level 3.2 Armour
 - Level 4.0 Shields


You had 7 spell levels left.
You didn't know any spells.
Your spell library contained the following spells:

 Spells                   Type           Power      Damage    Failure   Level
 Shock                    Conj/Air       0%         1d3       47%         1
 Cigotuvi's Dreadful Rot  Necr/Pois/Air  0%         N/A       63%         2
 Lesser Beckoning         Tloc           0%         N/A       63%         2
 Momentum Strike          Conj/Tloc      0%         3d8       63%         2
 Poisonous Vapours        Pois/Air       0%         N/A       63%         2
 Mephitic Cloud           Conj/Pois/Air  0%         N/A       85%         3
 Portal Projectile        Hex/Tloc       0%         N/A       85%         3
 Tukima's Dance           Hex            0%         N/A       85%         3
 Airstrike                Air            0%         2d(0-16)  99%         4
 Blade Hands              Tmut           0%         N/A       100%        5
 Blink                    Tloc           Unusable   N/A       N/A         2
 Swiftness                Air            Unusable   N/A       N/A         3

Dungeon Overview and Level Annotations

Branches:
Dungeon (5/15)
 Temple: D:4-7

Altars:
Dithmenos
Fedhas
Gozag
Hepliaklqana
Uskayaw
The Shining One

Shops:
D:1 *


Innate Abilities, Weirdness & Mutations

You are a tree.
Your roots penetrate the ground, keeping you stationary.
You cannot be teleported.
You are immune to unholy pain and torment.
Your maximum health is greatly increased.
Your equipment is partially melded.
You cannot be hasted, slowed, berserked, paralysed or teleported.
You can dig through walls and to a lower floor.
((You have a pair of large antennae on your head. (SInv)))
Your four strong arms can wield two-handed weapons with a shield.
You are strong-willed. (Will+)
You expend magic power (3 MP) to strengthen your wands.


Message History

* * * LOW HITPOINT WARNING * * *
Really quaff the potion of lignification?
You turn into a tree.
Your +0 pair of gloves melds into your body.
Your +0 scale mail melds into your body.
Your roots penetrate the ground.
You block the orc priest's attack.
The ice beast hits you but does no damage.
You barely miss the orc priest.
The orc priest hits you but does no damage.
The ice beast barely misses you.
You barely miss the orc priest.
The orc priest hits you but does no damage.
The ice beast hits you but does no damage.
You hit the orc priest.
The orc priest is lightly wounded.
The orc priest barely misses you. You block the ice beast's attack.
You thump the orc priest!
The orc priest is almost dead.
The orc priest hits you but does no damage.
The ice beast hits you but does no damage.
The worm barely misses you.
You closely miss the orc priest.
The orc priest is almost dead.
You block the orc priest's attack.
The ice beast hits you but does no damage.
You hit the orc priest.
The orc priest is almost dead.
The orc priest hits you with a +0 club.
* * * LOW HITPOINT WARNING * * *
The ice beast hits you but does no damage.
The worm bites you but does no damage.
You completely miss the orc priest.
The orc priest is almost dead.
The orc priest hits you but does no damage.
The ice beast hits you but does no damage.
You barely miss the orc priest.
The orc priest is almost dead.
The orc priest invokes the aid of Beogh against you.
Beogh smites you!
You die...

#....## ##.....##
##.......##
##.........#
##..........##
#............#
##...........##
#..........w.#
##..........Y♣#
#...........o##
#............#
#.....).....).......
##..................
###)...............
########...............
.................#.....
##############.###..?..


You could see an ice beast, a worm and an orc priest.

Vanquished Creatures
  An ice beast (D:5)
  A phantom (D:4)
  A bullfrog (D:4)
  A scorpion (D:5)
  2 hounds (D:5)
  A jelly (D:4)
  2 orc priests
  3 iguanas
  6 orc wizards
  4 adders
  4 gnolls (D:4)
  A shadow imp (D:5)
  2 white imps (D:5)
  2 ufetubi (D:5)
  2 worms
  A dart slug (D:3)
  9 orcs
  3 bats (D:1)
  6 endoplasms
  3 giant cockroaches
  9 goblins
  7 hobgoblins
  3 jackals (D:1)
  2 quokkas
  8 ball pythons
  2 frilled lizards
  2 kobolds (D:1)
  5 rats
93 creatures vanquished.

Notes
Turn   | Place    | Note
-------+----------+-------------------------------------------
     0 | D:1      | cforsyth the Formicid Fighter began the quest for the Orb.
     0 | D:1      | Reached XP level 1. HP: 18/18 MP: 1/1
   225 | D:1      | Reached XP level 2. HP: 21/24 MP: 2/2
   383 | D:1      | Found Patsar's General Store.
   689 | D:1      | Found a faded altar of an unknown god.
   708 | D:1      | Reached XP level 3. HP: 26/29 MP: 3/3
   709 | D:1      | Reached skill level 3 in Maces & Flails
   957 | D:2      | Found a hide-covered altar of Uskayaw.
  1645 | D:3      | Reached XP level 4. HP: 34/37 MP: 4/4
  1756 | D:3      | Found a shadowy altar of Dithmenos.
  2458 | D:4      | Noticed a phantom
  2489 | D:4      | Killed a phantom
  2490 | D:4      | Reached skill level 4 in Maces & Flails
  2490 | D:4      | Reached XP level 5. HP: 6/43 MP: 5/5
  2680 | D:4      | Reached XP level 6. HP: 15/49 MP: 6/6
  2785 | D:4      | Gained mutation: You are strong-willed. (Will+) [potion of
                  | mutation]
  2785 | D:4      | Gained mutation: You expend magic power (3 MP) to
                  | strengthen your wands. [potion of mutation]
  2789 | D:4      | Reached skill level 5 in Maces & Flails
  2793 | D:4      | HP: 3/75 [something (2)]
  2799 | D:4      | Reached skill level 5 in Fighting
  2958 | D:4      | Found a hazy altar of Hepliaklqana.
  3168 | D:4      | Reached XP level 7. HP: 34/56 MP: 7/7
  3748 | D:5      | Entered Level 5 of the Dungeon
  3756 | D:5      | Reached skill level 6 in Maces & Flails
  4159 | D:5      | HP: 2/57 [orc wizard/+0 dagger (3)]
  4381 | D:5      | Found a blossoming altar of Fedhas.
  4428 | D:5      | Found a glowing golden altar of the Shining One.
  4496 | D:5      | Identified the +1 robe "Taykuju" {Harm rPois Int+4}
  4506 | D:5      | Found an opulent altar of Gozag.
  4790 | D:5      | Reached skill level 7 in Maces & Flails
  4790 | D:5      | Reached XP level 8. HP: 22/64 MP: 8/8
  5389 | D:5      | Killed from afar by an orc priest

Illustrated notes

Levels and vault maps discovered:
D:1:      dpeg_arrival_water_fire, layout_basic, serial_shops, shop,
          basic_ecumenical_altar
D:2:      layout_loops_ring, basic_altar, serial_co_window_serial,
          co_window_paths_a, co_window_paths_a, co_window_of_opportunity_a,
          co_window_paths_a, co_window_paths_a, co_window_unsneaky_path_a,
          co_window_corner_b, co_window_2corner, co_window_corner_b,
          co_window_of_opportunity_b, glass_columns_b
D:3:      layout_basic, nicolae_dithmenos_through_a_glass_darkly,
          minmay_misc_feat_diagonals, chequers_jeans
D:4:      layout_basic, general_overflow_altar
D:5:      layout_cave_pods, lemuel_crystal_altar, mainiacjoe_overflow_big_doors

Skill      XL: |  1  2  3  4  5  6  7 |
---------------+----------------------+-----
Maces & Flails | 3 4 5 7 |  7.4
Fighting       | 4 5 6 |  6.3
Armour         | |  3.2
Shields        | |  4.0

Action                     |  1- 3 |  4- 6 |  7- 9 || total
---------------------------+-------+-------+-------++-------
  Melee: Flail             |    66 |   131 |   125 ||   322
    Use: Potion            |       |     5 |     1 ||     6
 Armour: Scale mail        |    24 |    46 |    39 ||   109
         Skin              |       |    23 |    11 ||    34
  Dodge: Dodged            |    34 |    60 |    45 ||   139
  Block: Buckler           |    17 |    40 |    31 ||    88

Table legend: (Time is in decaauts)
 A = Elapsed time spent in this place.
 B = Non-inter-level travel time spent in this place.
 C = Inter-level travel time spent in this place.
 D = Time resting spent in this place.
 E = Time spent auto-exploring this place.
 F = Levels seen in this place.
 G = Mean time per level.
                   A        B        C        D        E       F      G
               +--------+--------+--------+--------+--------+-----+--------+
         Total |   5447 |   5348 |     99 |    606 |   3973 |   5 | 1089.4 |
       Dungeon |   5447 |   5348 |     99 |    606 |   3973 |   5 | 1089.4 |
               +--------+--------+--------+--------+--------+-----+--------+

Top non-repeatable levels by time:
     D:5: 1560 daAuts
     D:4: 1402 daAuts
     D:1: 909 daAuts
     D:3: 850 daAuts
     D:2: 725 daAuts
